 Dungeon Crawl Stone Soup version 0.30-a0-824-g6c64550be9 (webtiles) character file.

Game seed: 1375137747198106694

7357 Darius099 the Severer (level 10, -3/77 HPs)
             Began as a Minotaur Fighter on Feb 27, 2023.
             Was an Elder of Okawaru.
             Slain by a komodo dragon (9 damage)
             ... on level 9 of the Dungeon.
             The game lasted 00:27:17 (11191 turns).

Darius099 the Severer (Minotaur Fighter)           Turns: 11191, Time: 00:27:18

Health: -3/77      AC: 16    Str: 23 (25) XL:     10   Next: 91%
Magic:  10/10      EV:  6    Int:  5      God:    Okawaru [****..]
Gold:   22         SH:  9    Dex:  9 (10) Spells: 9/9 levels left

rFire   . . .      SeeInvis .    a - +0 war axe
rCold   + . .      Faith    .    c - +0 buckler
rNeg    . . .      Spirit   .    I - +3 plate armour {rPois}
rPois   +          Reflect  +    (helmet restricted)
rElec   .          Harm     .    D - +0 cloak
rCorr   +          Rampage  .    L - +0 pair of gloves
Will    .....                    (no boots) Stlth
                                 O - amulet of reflection
HPRegen 0.32/turn                A - ring of protection from cold
MPRegen 0.12/turn                P - ring of resist corrosion

@: no status effects
A: horns 2, retaliatory headbutt
a: Renounce Religion, Heroism, Finesse


You were on level 9 of the Dungeon.
You worshipped Okawaru.
Okawaru was greatly pleased with you.
You visited 2 branches of the dungeon, and saw 10 of its levels.
You also visited: Ossuary.

You collected 610 gold pieces.
You spent 588 gold pieces at shops.

Inventory:

Hand Weapons
 a - a +0 war axe (weapon)
 E - a +2 scimitar of flaming
Missiles
 b - 2 javelins
 e - 56 stones (quivered)
 m - 8 poisoned darts
Armour
 c - a +0 buckler (worn)
 t - a scarf of invisibility
 D - a +0 cloak (worn)
 G - a +0 tower shield
 I - a +3 plate armour of poison resistance (worn)
 L - a +0 pair of gloves (worn)
Jewellery
 A - a ring of protection from cold (left hand)
 O - an amulet of reflection (around neck)
 P - a ring of resist corrosion (right hand)
 Q - a ring of positive energy
Wands
 B - a wand of flame (27)
 M - a wand of roots (8)
 R - a wand of mindburst (22)
Scrolls
 f - 3 scrolls of noise {unknown}
 h - 6 scrolls of teleportation {unknown}
 i - 2 scrolls of fear {unknown}
 j - 3 scrolls of enchant weapon {unknown}
 k - a scroll of vulnerability {unknown}
 l - 2 scrolls of butterflies {unknown}
 o - a scroll of silence {unknown}
 p - 4 scrolls of enchant armour {unknown}
 r - 2 scrolls of amnesia {unknown}
 u - 2 scrolls of brand weapon {unknown}
 w - a scroll of poison {unknown}
 x - a scroll of fog {unknown}
 y - 3 scrolls of blinking {unknown}
 z - 6 scrolls of magic mapping {unknown}
 H - 2 scrolls of immolation {unknown}
Potions
 d - 2 potions of might
 g - 3 potions of curing
 n - 2 potions of berserk rage
 q - 2 potions of flight
 s - 2 potions of mutation
 v - a potion of haste {unknown}
 C - a potion of heal wounds {unknown}
 J - 2 potions of lignification
 K - a potion of cancellation {unknown}
 N - a potion of resistance {unknown}


   Skills:
 - Level 3.6 Fighting
 - Level 19.0 Axes
 + Level 2.1 Throwing
 - Level 3.6 Armour
 - Level 3.6 Shields
 + Level 2.1 Invocations


You had 9 spell levels left.
You didn't know any spells.
Your spell library contained the following spells:

 Spells                   Type           Power      Damage    Failure   Level
 Blink                    Tloc           0%         N/A       100%        2
 Lesser Beckoning         Tloc           0%         N/A       100%        2
 Momentum Strike          Conj/Tloc      0%         3d8       100%        2
 Ignite Poison            Fire/Tmut/Pois 0%         N/A       100%        3
 Kindle Blastsparks       Fire/Tloc/Air  0%         2d10      100%        3
 Ozocubu's Armour         Ice            0%         N/A       100%        3
 Freezing Cloud           Conj/Ice/Air   0%         6-21      100%        5
 Ozocubu's Refrigeration  Ice            0%         4d7       100%        7
 Chain Lightning          Conj/Air       0%         N/A       100%        9
 Fire Storm               Conj/Fire      0%         5d1       100%        9
 Shatter                  Erth           0%         3d5*      100%        9


Dungeon Overview and Level Annotations

Branches:
Dungeon (9/15)             Temple (1/1) D:6         Ossuary (visited)
   Lair: D:8-11         Orc: D:9-12

Altars:
Ashenzari
Cheibriados
Dithmenos
Elyvilon
Gozag
Hepliaklqana
Kikubaaqudgha
Nemelex Xobeh
Okawaru
Qazlal
Ru
Sif Muna
Trog
Uskayaw
Vehumet
Wu Jian
Xom
Yredelemnul
Zin
The Shining One

Shops:
D:3 [


Innate Abilities, Weirdness & Mutations

You have a pair of horns on your head.
You reflexively headbutt those who attack you in melee.


Message History

Okawaru accepts your kill.
A yak and a two-headed ogre come into view.
The yak bellows!
A steam dragon comes into view.
A komodo dragon comes into view.
The komodo dragon hisses angrily.
The komodo dragon hisses menacingly.
The komodo dragon bites you but does no damage.
The komodo dragon bites you!!
Items here: )) [ ††.
The komodo dragon attacks as you move away!
The komodo dragon bites you but does no damage.
The komodo dragon attacks as you move away!
The komodo dragon bites you.
You slash the komodo dragon!
The komodo dragon is moderately wounded.
You closely miss the komodo dragon.
The komodo dragon is moderately wounded.
You block the komodo dragon's attack.
You hit the komodo dragon.
The komodo dragon is moderately wounded.
The komodo dragon bites you!!
You barely miss the komodo dragon. You headbutt the komodo dragon.
The komodo dragon is moderately wounded.
The komodo dragon barely misses you.
You closely miss the komodo dragon. You headbutt the komodo dragon.
The komodo dragon is heavily wounded.
Okay, then.
You fail to use your ability.
The komodo dragon bites you!
* * * LOW HITPOINT WARNING * * *
You slash the komodo dragon! You headbutt the komodo dragon.
The komodo dragon is almost dead.
The komodo dragon bites you!
* * * LOW HITPOINT WARNING * * *
You feel better. The komodo dragon bites you.
* * * LOW HITPOINT WARNING * * *
You completely miss the komodo dragon. Your headbutt misses the komodo dragon.
The komodo dragon is almost dead.
The komodo dragon bites you!
You die...

#.##.#.##.....# #.#
#..#.....#..#.. ##.# ##
....###O#####[#####.#####.##
###.........................
#########[#.......## .....
#Y#.##..#.# .....
#O#.##..#.###..#
#l#.##..##...# #.
#@#.##..###..# #. #.#.##..#
#..# #.
######.#.##..###..####.
#...†..#.##............
#.######.#######.#...#. #.#
#.# #....... #.# #.#
#.#...#.
#.######.#######.#####.
#.##..##.##.........##.


You could see a two-headed ogre, a komodo dragon and a yak.

Vanquished Creatures
  A centaur warrior (D:9)
  A two-headed ogre (D:8)
  A komodo dragon (D:9)
  A tengu conjurer (D:9)
  A troll (D:9)
  2 hornets
  A shadow (D:8)
  A wyvern (D:9)
  A yak (D:9)
  2 steam dragons
  5 vampire mosquitoes
  Duvessa (D:7)
  An orc warrior (D:9)
  A water moccasin (D:8)
  An ice beast (D:6)
  3 sky beasts
  2 ogres (D:6)
  4 centaurs
  A phantom (D:6)
  A gnoll sergeant (D:9)
  5 bullfrogs
  3 scorpions
  A water moccasin zombie (Ossuary)
  3 wights (D:7)
  5 killer bees (D:8)
  Dowan (D:7)
  2 howler monkeys (D:9)
  5 bullfrog zombies (Ossuary)
  2 centaur zombies (Ossuary)
  3 jellies
  A gnoll bouda (D:8)
  4 orc priests
  4 hounds
  6 iguanas
  4 orc wizards (D:7)
  A killer bee zombie (Ossuary)
  14 mummies (Ossuary)
  9 gnolls
  A howler monkey zombie (Ossuary)
  5 adders
  A white imp (D:8)
  A howler monkey simulacrum (D:9)
  4 worms
  2 dart slugs
  23 orcs
  12 endoplasms
  7 giant cockroaches
  3 goblins
  12 hobgoblins
  15 jackals
  A quokka (D:1)
  7 ball pythons
  5 bats
  8 frilled lizards
  7 kobolds
  6 rats
225 creatures vanquished.

Vanquished Creatures (others)
  A vampire mosquito (D:9)
  An orc (D:7)
  25 fungi (D:9)
  22 plants (D:9)
  14 withered plants (Ossuary)
63 creatures vanquished.

Grand Total: 288 creatures vanquished

Notes
Turn   | Place    | Note
-------+----------+-------------------------------------------
     0 | D:1      | Darius099 the Minotaur Fighter began the quest for the Orb.
     0 | D:1      | Reached XP level 1. HP: 19/19 MP: 0/0
    40 | D:1      | Reached skill level 3 in Axes
    70 | D:1      | Reached XP level 2. HP: 21/26 MP: 1/1
   267 | D:1      | Reached skill level 4 in Axes
   504 | D:1      | Reached XP level 3. HP: 31/31 MP: 2/2
  1249 | D:2      | Reached skill level 5 in Axes
  1701 | D:3      | Found a basalt altar of Yredelemnul.
  1740 | D:3      | Reached XP level 4. HP: 39/39 MP: 3/3
  1778 | D:3      | Found Xiuh's Armour Emporium.
  2223 | D:3      | Reached skill level 6 in Axes
  2523 | D:4      | Found a sand-covered staircase.
  2688 | D:4      | Reached XP level 5. HP: 45/45 MP: 4/4
  2885 | Ossuary  | Entered an ossuary
  2900 | Ossuary  | Reached skill level 7 in Axes
  2933 | Ossuary  | Reached XP level 6. HP: 7/51 MP: 5/5
  3044 | Ossuary  | Reached skill level 8 in Axes
  3347 | Ossuary  | Reached skill level 9 in Axes
  3378 | Ossuary  | Reached XP level 7. HP: 52/57 MP: 6/6
  3589 | Ossuary  | Reached skill level 10 in Axes
  4277 | D:5      | Entered Level 5 of the Dungeon
  4466 | D:5      | Reached skill level 11 in Axes
  4746 | D:5      | Reached XP level 8. HP: 19/64 MP: 7/7
  5511 | D:6      | Reached skill level 12 in Axes
  5696 | D:6      | Found a shimmering blue altar of Sif Muna.
  5753 | D:6      | Reached skill level 13 in Axes
  5823 | D:6      | Found a staircase to the Ecumenical Temple.
  5972 | Temple   | Entered the Ecumenical Temple
  6019 | Temple   | Became a worshipper of Warmaster Okawaru
  6409 | D:7      | Reached skill level 14 in Axes
  6409 | D:7      | Reached XP level 9. HP: 69/70 MP: 8/8
  6427 | D:7      | Noticed Duvessa
  6427 | D:7      | Noticed Dowan
  6529 | D:7      | Killed Duvessa
  6537 | D:7      | Killed Dowan
  6546 | D:7      | Reached * piety under Okawaru
  7160 | D:7      | Reached skill level 15 in Axes
  7775 | D:8      | Reached ** piety under Okawaru
  7776 | D:8      | HP: 3/70 [vampire mosquito (7)]
  8288 | D:8      | Paralysed by a hornet for 2 turns
  8295 | D:8      | Paralysed by a hornet for 1 turns
  8298 | D:8      | Reached skill level 16 in Axes
  9007 | D:8      | Reached XP level 10. HP: 77/77 MP: 9/9
  9038 | D:8      | Found a glowing silver altar of Zin.
  9045 | D:8      | Found a white marble altar of Elyvilon.
  9045 | D:8      | Found an ancient bone altar of Kikubaaqudgha.
  9226 | D:8      | Found an ornate altar of the Wu Jian Council.
  9235 | D:8      | Found a bloodstained altar of Trog.
  9313 | D:8      | Reached skill level 17 in Axes
  9422 | D:8      | Noticed a two-headed ogre
  9438 | D:8      | Killed a two-headed ogre
  9438 | D:8      | Reached *** piety under Okawaru
  9904 | D:9      | Identified the +8 spear "Ficrots" {heavy, Will+ Str+2
                  | Int-2}
  9904 | D:9      | Noticed a centaur warrior
  9906 | D:9      | Reached skill level 18 in Axes
 10031 | D:9      | Killed a centaur warrior
 10219 | D:9      | Identified the +7 great sword of Ruination {heavy, rC-
                  | Str+6}
 10219 | D:9      | Identified the +5 leather armour "Jirryr" {-Tele Harm rF+}
 10356 | D:9      | Reached **** piety under Okawaru
 10357 | D:9      | Reached skill level 19 in Axes
 10791 | D:3      | Bought a +3 plate armour of poison resistance for 588 gold
                  | pieces
 11024 | D:9      | Reached skill level 1 in Throwing
 11024 | D:9      | Reached skill level 1 in Invocations
 11167 | D:9      | Noticed a two-headed ogre
 11191 | D:9      | Slain by a komodo dragon

Illustrated notes

Levels and vault maps discovered:
D:1:      saegor_arrival_simple_d, layout_rooms
D:2:      layout_loops_corners
D:3:      layout_basic, mainiacjoe_overflow_boulevard, serial_shops, shop
D:4:      layout_loops_ring, chequers_ossuary_entry_cave
D:5:      corexii_shack_village, layout_cave_pods
D:6:      layout_rooms, kennysheep_little_box, minmay_temple_entry_junction_2,
          lemuel_flamethrower_1
D:7:      layout_cave_pods, uniq_duvessa
D:8:      layout_cave_pods, minmay_overflow_temple_star_hex, wad_floor_pattern_2
D:9:      minmay_the_grid_square_5x5_4x4 [minmay_the_grid_square_5x5_longway,
          minmay_the_grid_square_5x5_almost_minimal,
          minmay_the_grid_square_5x5_fat_x,
          minmay_the_grid_square_5x5_checkered_sparse,
          minmay_the_grid_square_5x5_eight_small,
          minmay_the_grid_square_5x5_prize_open,
          minmay_the_grid_square_5x5_prize_snowflake,
          minmay_the_grid_square_5x5_misaligned,
          minmay_the_grid_square_5x5_tri_point,
          minmay_the_grid_square_5x5_prize_monsterx,
          minmay_the_grid_square_5x5_prize_deathbox,
          minmay_the_grid_square_5x5_empty,
          minmay_the_grid_square_5x5_two_walls_a,
          minmay_the_grid_square_5x5_inset,
          minmay_the_grid_square_5x5_three_walls,
          minmay_the_grid_square_5x5_bite], layout_loops_ring,
          lightli_temple_of_fire, grunt_lair_entry_orc_guard_hut
Temple:   cyrus_circular_temple

Skill      XL: |  1  2  3  4  5  6  7  8  9 10 |
---------------+-------------------------------+-----
Axes           | 3 4 5 6 7 9 11 14 16 19 | 19.0
Throwing       | 2 |  2.1
Invocations    | 2 |  2.1
Fighting       | |  3.6
Armour         | |  3.6
Shields        | |  3.6

Action                     |  1- 3 |  4- 6 |  7- 9 | 10-12 || total
---------------------------+-------+-------+-------+-------++-------
  Melee: War axe           |    89 |   137 |   343 |   126 ||   695
         Headbutt          |    10 |    23 |    52 |    27 ||   112
 Invoke: Heroism           |       |       |     1 |     2 ||     3
    Use: Scroll            |       |       |     6 |       ||     6
         Potion            |       |       |     3 |     3 ||     6
 Armour: Scale mail        |    30 |    53 |    13 |       ||    96
         Chain mail        |       |       |   118 |    37 ||   155
         Plate armour      |       |       |       |    13 ||    13
  Dodge: Dodged            |    36 |    66 |    94 |    33 ||   229
  Block: Buckler           |    17 |    24 |    71 |    54 ||   166
         Reflection        |       |       |       |     4 ||     4

Table legend: (Time is in decaauts)
 A = Elapsed time spent in this place.
 B = Non-inter-level travel time spent in this place.
 C = Inter-level travel time spent in this place.
 D = Time resting spent in this place.
 E = Time spent auto-exploring this place.
 F = Levels seen in this place.
 G = Mean time per level.
                   A        B        C        D        E       F      G
               +--------+--------+--------+--------+--------+-----+--------+
         Total |  11248 |  10735 |    513 |   3074 |   4804 |  11 | 1022.5 |
       Dungeon |  10222 |   9709 |    513 |   2536 |   4741 |   9 | 1135.8 |
        Temple |     59 |     59 |      0 |      0 |     34 |   1 |   59.0 |
       Ossuary |    966 |    966 |      0 |    538 |     29 |   1 |  966.0 |
               +--------+--------+--------+--------+--------+-----+--------+

Top non-repeatable levels by time:
     D:8: 2221 daAuts
     D:7: 1530 daAuts
     D:6: 1188 daAuts
     D:5: 1161 daAuts
     D:3: 1035 daAuts
 Ossuary: 966 daAuts
     D:4: 938 daAuts
     D:2: 914 daAuts
     D:1: 617 daAuts
     D:9: 614 daAuts
  Temple: 59 daAuts
